[ AOE2 MATCH · #495406979 ]
UnrankedMongols vs Celts
Player's team · WIN
Rival team · LOSS
[ REPLAY ANALYSIS · EXTRACTED FROM THE RECORDED GAME ]
Feudal
8:21
Castle
21:09
Imperial
—
| APM avg | 69.0 |
| APM peak | 131 |
| eAPM avg | 29.8 |
| Villagers / military | 142 / 96 |
Focus
⚔️ 38.3% · 🌾 61.7%
Mangudai ×31 · Archer ×22 · Cavalry Archer ×20 · Skirmisher ×8 · Steppe Lancer ×5 · Monk ×4
Feudal
11:01
Castle
22:34
Imperial
—
| APM avg | 93.8 |
| APM peak | 182 |
| eAPM avg | 43.2 |
| Villagers / military | 187 / 150 |
Focus
⚔️ 48.3% · 🌾 51.7%
Skirmisher ×81 · Knight ×39 · Scorpion ×9 · Militia ×8 · Battering Ram ×6 · Mangonel ×4
Match map
Initial resources + every placement click. Lines = walls · curves = elevation contours. ◆ gold · ⬟ stone · ● berries · ✦ relic · ◌ wall gap
Your base· Open — unwalled flank
SVTT | Альпинист's base· Open — unwalled flank
Smoothed initial terrain · ◌ = detected wall gap · hover for details
Inputs per minute
— L.L - - SVTT | Альпинист
Build order — L.L
First 150 of 377 actions detected
| 0:01 | Create | Villager (Male) ×4 |
| 0:01 | Create | Villager (Male) ×4 |
| 0:02 | Build | House |
| 0:03 | Build | House |
| 1:37 | Create | Villager (Male) |
| 1:38 | Create | Villager (Male) |
| 1:52 | Build | Lumber Camp |
| 2:03 | Create | Villager (Male) |
| 2:24 | Create | Villager (Male) |
| 2:33 | Create | Villager (Male) |
| 2:33 | Create | Villager (Male) |
| 2:58 | Build | Palisade Wall |
| 3:00 | Build | Palisade Wall |
| 3:03 | Create | Villager (Male) |
| 3:20 | Create | Villager (Male) |
| 3:20 | Create | Villager (Male) |
| 3:30 | Create | Villager (Male) |
| 3:56 | Create | Villager (Male) |
| 4:04 | Create | Villager (Male) |
| 4:15 | Create | Villager (Male) |
| 4:17 | Build | House |
| 4:57 | Build | Barracks |
| 5:01 | Create | Villager (Male) |
| 5:19 | Research | Loom |
| 5:48 | Build | House |
| 5:54 | Build | Palisade Wall |
| 5:57 | Build | Palisade Wall |
| 6:01 | Build | Palisade Wall |
| 6:11 | Research | Feudal Age |
| 6:29 | Create | Militia |
| 6:49 | Build | House |
| 6:50 | Build | Palisade Wall |
| 6:50 | Build | Palisade Wall |
| 7:22 | Build | House |
| 7:40 | Build | Lumber Camp |
| 8:12 | Build | Mining Camp |
| 8:21 | Age | Feudal Age |
| 8:25 | Create | Villager (Male) |
| 8:35 | Create | Villager (Male) |
| 8:39 | Build | Palisade Wall |
| 8:42 | Build | Palisade Wall |
| 8:53 | Build | Palisade Wall |
| 8:54 | Build | Palisade Wall |
| 9:11 | Create | Villager (Male) |
| 9:14 | Build | Palisade Wall |
| 9:17 | Build | Palisade Wall |
| 9:26 | Build | Palisade Wall |
| 9:40 | Create | Villager (Male) |
| 9:44 | Build | Archery Range |
| 10:07 | Create | Villager (Male) |
| 10:10 | Build | Mill |
| 10:31 | Create | Archer |
| 10:32 | Create | Archer |
| 10:34 | Build | House |
| 10:35 | Build | Palisade Wall |
| 10:40 | Create | Villager (Male) |
| 10:42 | Build | Farm |
| 10:48 | Research | Double-Bit Axe |
| 10:48 | Research | Double-Bit Axe |
| 11:07 | Build | Farm |
| 11:17 | Create | Archer |
| 11:19 | Create | Villager (Male) |
| 11:48 | Create | Villager (Male) |
| 11:48 | Create | Villager (Male) |
| 11:50 | Build | Farm |
| 11:54 | Build | Farm |
| 12:14 | Create | Archer |
| 12:15 | Create | Villager (Male) |
| 12:15 | Create | Villager (Male) |
| 12:17 | Build | Farm |
| 12:34 | Create | Villager (Male) |
| 12:35 | Build | Blacksmith |
| 12:51 | Build | Farm |
| 12:52 | Build | Farm |
| 12:58 | Create | Skirmisher |
| 13:08 | Build | House |
| 13:09 | Build | House |
| 13:13 | Create | Skirmisher |
| 13:21 | Research | Fletching |
| 13:25 | Create | Skirmisher |
| 13:37 | Build | Farm |
| 13:38 | Build | Farm |
| 13:56 | Create | Villager (Male) |
| 13:57 | Create | Villager (Male) |
| 13:57 | Create | Villager (Male) |
| 14:10 | Create | Villager (Male) |
| 14:15 | Create | Skirmisher |
| 14:24 | Build | Farm |
| 14:25 | Build | Farm |
| 14:39 | Create | Villager (Male) |
| 14:54 | Create | Villager (Male) |
| 14:58 | Create | Villager (Male) |
| 15:08 | Create | Skirmisher |
| 15:15 | Create | Villager (Male) |
| 15:26 | Build | Watch Tower |
| 15:45 | Create | Skirmisher |
| 16:01 | Create | Skirmisher |
| 16:08 | Build | House |
| 16:10 | Build | House |
| 16:22 | Create | Skirmisher |
| 16:23 | Create | Villager (Male) |
| 16:43 | Build | House |
| 16:57 | Create | Villager (Male) |
| 17:02 | Build | Mining Camp |
| 17:13 | Build | House |
| 17:14 | Build | House |
| 17:15 | Build | House |
| 18:29 | Research | Castle Age |
| 18:43 | Build | Archery Range |
| 18:46 | Create | Archer |
| 18:50 | Research | Gold Mining |
| 18:51 | Research | Gold Mining |
| 18:56 | Build | Farm |
| 18:59 | Create | Archer |
| 19:00 | Create | Archer |
| 19:17 | Build | House |
| 19:24 | Create | Archer |
| 19:24 | Create | Archer |
| 19:24 | Create | Archer |
| 19:49 | Build | Farm |
| 19:51 | Research | Horse Collar |
| 19:55 | Create | Archer |
| 20:01 | Create | Archer |
| 20:02 | Create | Archer |
| 20:15 | Create | Archer |
| 20:15 | Create | Archer |
| 20:27 | Create | Archer |
| 20:27 | Create | Archer |
| 20:56 | Create | Archer |
| 20:59 | Build | Farm |
| 21:04 | Build | Market |
| 21:09 | Age | Castle Age |
| 21:10 | Create | Villager (Male) |
| 21:11 | Research | Bodkin Arrow |
| 21:12 | Research | Crossbowman (upgrade) |
| 21:12 | Research | Crossbowman (upgrade) |
| 21:17 | Create | Villager (Male) |
| 21:19 | Build | Farm |
| 21:26 | Build | Farm |
| 21:28 | Build | Farm |
| 21:48 | Create | Villager (Male) |
| 22:04 | Create | Villager (Male) |
| 22:05 | Create | Archer |
| 22:05 | Create | Archer |
| 22:26 | Create | Villager (Male) |
| 22:27 | Create | Archer |
| 22:27 | Create | Archer |
| 22:32 | Create | Villager (Male) |
| 22:38 | Build | Town Center |
| 22:51 | Create | Cavalry Archer |
Build order — SVTT | Альпинист
First 150 of 465 actions detected
| 0:01 | Create | Villager (Male) |
| 0:01 | Create | Villager (Male) |
| 0:02 | Build | House |
| 0:03 | Build | House |
| 0:05 | Create | Villager (Male) |
| 0:08 | Create | Villager (Male) |
| 0:08 | Create | Villager (Male) |
| 0:08 | Create | Villager (Male) |
| 1:28 | Create | Villager (Male) |
| 1:52 | Create | Villager (Male) |
| 1:52 | Create | Villager (Male) |
| 2:18 | Create | Villager (Male) |
| 2:18 | Create | Villager (Male) |
| 2:32 | Create | Villager (Male) |
| 2:42 | Build | Barracks |
| 2:55 | Create | Villager (Male) |
| 2:55 | Create | Villager (Male) |
| 3:27 | Create | Villager (Male) |
| 3:27 | Create | Villager (Male) |
| 3:39 | Build | House |
| 3:41 | Create | Militia |
| 3:41 | Create | Militia |
| 4:09 | Create | Militia |
| 4:10 | Create | Militia |
| 4:10 | Create | Militia |
| 4:20 | Create | Villager (Male) |
| 4:20 | Create | Villager (Male) |
| 4:21 | Build | House |
| 4:36 | Create | Villager (Male) |
| 4:43 | Build | House |
| 5:12 | Create | Villager (Male) |
| 5:13 | Create | Villager (Male) |
| 5:38 | Create | Villager (Male) |
| 5:39 | Create | Villager (Male) |
| 5:39 | Create | Villager (Male) |
| 5:50 | Build | Mill |
| 6:00 | Create | Villager (Male) |
| 6:01 | Create | Villager (Male) |
| 6:01 | Create | Villager (Male) |
| 6:38 | Create | Villager (Male) |
| 6:38 | Create | Villager (Male) |
| 6:39 | Create | Villager (Male) |
| 6:43 | Create | Villager (Male) |
| 7:21 | Build | Lumber Camp |
| 7:54 | Create | Villager (Male) |
| 8:17 | Research | Loom |
| 8:17 | Research | Loom |
| 8:17 | Research | Loom |
| 8:51 | Research | Feudal Age |
| 8:53 | Build | Mining Camp |
| 9:53 | Build | House |
| 9:54 | Create | Militia |
| 9:55 | Create | Militia |
| 9:55 | Create | Militia |
| 10:40 | Create | Villager (Male) |
| 11:01 | Age | Feudal Age |
| 11:03 | Research | Man-at-Arms (upgrade) |
| 11:04 | Research | Double-Bit Axe |
| 11:04 | Research | Double-Bit Axe |
| 11:08 | Build | Watch Tower |
| 11:10 | Build | Archery Range |
| 11:32 | Create | Villager (Male) |
| 11:46 | Create | Skirmisher |
| 11:46 | Create | Skirmisher |
| 12:01 | Build | Palisade Gate |
| 12:04 | Build | Farm |
| 12:04 | Build | Farm |
| 12:04 | Build | Farm |
| 12:04 | Build | Farm |
| 12:12 | Create | Skirmisher |
| 12:12 | Create | Skirmisher |
| 12:43 | Create | Villager (Male) |
| 12:43 | Create | Villager (Male) |
| 12:54 | Build | Watch Tower |
| 12:59 | Create | Villager (Male) |
| 12:59 | Create | Villager (Male) |
| 13:06 | Build | House |
| 13:26 | Create | Skirmisher |
| 13:28 | Create | Skirmisher |
| 13:28 | Create | Skirmisher |
| 13:40 | Create | Villager (Male) |
| 13:41 | Create | Villager (Male) |
| 13:41 | Create | Villager (Male) |
| 13:43 | Build | House |
| 13:49 | Build | Farm |
| 14:11 | Build | Palisade Wall |
| 14:12 | Build | Palisade Wall |
| 14:15 | Create | Villager (Male) |
| 14:16 | Create | Villager (Male) |
| 14:23 | Build | Palisade Wall |
| 14:53 | Build | Mill |
| 14:55 | Create | Skirmisher |
| 14:56 | Create | Villager (Male) |
| 14:56 | Create | Villager (Male) |
| 14:57 | Create | Villager (Male) |
| 14:58 | Build | Farm |
| 15:01 | Research | Horse Collar |
| 15:01 | Research | Horse Collar |
| 15:01 | Research | Horse Collar |
| 15:02 | Create | Villager (Male) |
| 15:11 | Create | Skirmisher |
| 15:11 | Create | Skirmisher |
| 15:14 | Build | Blacksmith |
| 15:16 | Build | House |
| 15:18 | Create | Skirmisher |
| 15:19 | Create | Skirmisher |
| 15:21 | Create | Villager (Male) |
| 15:21 | Create | Villager (Male) |
| 15:30 | Build | Farm |
| 15:35 | Create | Skirmisher |
| 15:35 | Create | Skirmisher |
| 15:47 | Create | Skirmisher |
| 15:47 | Create | Skirmisher |
| 15:47 | Create | Skirmisher |
| 16:14 | Create | Villager (Male) |
| 16:16 | Build | Farm |
| 16:16 | Create | Villager (Male) |
| 16:21 | Build | House |
| 16:22 | Build | House |
| 16:36 | Create | Villager (Male) |
| 16:43 | Build | Lumber Camp |
| 16:46 | Build | Farm |
| 16:47 | Build | Farm |
| 16:49 | Build | Farm |
| 16:56 | Create | Villager (Male) |
| 17:04 | Create | Villager (Male) |
| 17:09 | Research | Town Watch |
| 17:14 | Build | Farm |
| 17:27 | Build | House |
| 17:31 | Build | Farm |
| 17:32 | Research | Fletching |
| 17:33 | Research | Fletching |
| 17:38 | Create | Villager (Male) |
| 17:43 | Build | Palisade Wall |
| 17:56 | Create | Villager (Male) |
| 18:02 | Build | Lumber Camp |
| 18:06 | Create | Villager (Male) |
| 18:13 | Build | Palisade Wall |
| 18:43 | Build | Market |
| 18:53 | Build | Farm |
| 18:55 | Build | Farm |
| 19:17 | Build | House |
| 19:54 | Research | Castle Age |
| 19:55 | Research | Castle Age |
| 19:55 | Research | Castle Age |
| 20:13 | Build | Stable |
| 20:15 | Build | Palisade Wall |
| 20:20 | Research | Gold Mining |
| 20:20 | Research | Gold Mining |
| 20:48 | Build | Stable |
Match timeline
| 2:42 | SVTT | Альпинист · first_building Barracks |
| 2:58 | L.L · wall_segment Palisade Wall x1 |
| 3:00 | L.L · wall_segment Palisade Wall x1 |
| 4:57 | L.L · first_building Barracks |
| 5:54 | L.L · wall_segment Palisade Wall x1 |
| 5:57 | L.L · wall_segment Palisade Wall x1 |
| 6:01 | L.L · wall_segment Palisade Wall x1 |
| 6:50 | L.L · wall_segment Palisade Wall x1 |
| 6:50 | L.L · wall_segment Palisade Wall x1 |
| 8:21 | L.L · age_up feudal |
| 8:39 | L.L · wall_segment Palisade Wall x1 |
| 8:42 | L.L · wall_segment Palisade Wall x1 |
| 8:53 | L.L · wall_segment Palisade Wall x2 |
| 8:54 | L.L · wall_segment Palisade Wall x3 |
| 9:14 | L.L · wall_segment Palisade Wall x1 |
| 9:17 | L.L · wall_segment Palisade Wall x1 |
| 9:26 | L.L · wall_segment Palisade Wall x1 |
| 9:44 | L.L · first_building Archery Range |
| 10:35 | L.L · wall_segment Palisade Wall x1 |
| 11:01 | SVTT | Альпинист · age_up feudal |
| 11:10 | SVTT | Альпинист · first_building Archery Range |
| 14:11 | SVTT | Альпинист · wall_segment Palisade Wall x2 |
| 14:12 | SVTT | Альпинист · wall_segment Palisade Wall x1 |
| 14:23 | SVTT | Альпинист · wall_segment Palisade Wall x1 |
| 17:43 | SVTT | Альпинист · wall_segment Palisade Wall x26 |
| 18:13 | SVTT | Альпинист · wall_segment Palisade Wall x1 |
| 19:53 | SVTT | Альпинист · first_market_sell 100 wood |
| 19:54 | SVTT | Альпинист · first_market_buy 100 food |
| 20:13 | SVTT | Альпинист · first_building Stable |
| 20:15 | SVTT | Альпинист · wall_segment Palisade Wall x3 |
| 21:09 | L.L · age_up castle |
| 22:20 | L.L · first_market_buy 100 stone |
| 22:34 | SVTT | Альпинист · age_up castle |
| 22:40 | SVTT | Альпинист · first_building Siege Workshop |
| 24:12 | SVTT | Альпинист · wall_segment Palisade Wall x1 |
| 25:07 | L.L · first_building Stable |
| 25:51 | L.L · first_market_sell 100 stone |
| 27:58 | L.L · wall_segment Palisade Wall x1 |
| 28:02 | L.L · wall_segment Palisade Wall x1 |
| 28:15 | L.L · wall_segment Palisade Wall x1 |
| 28:17 | L.L · wall_segment Palisade Wall x1 |
| 28:19 | L.L · wall_segment Palisade Wall x1 |
| 29:23 | L.L · first_building Castle |
| 31:32 | L.L · first_building Monastery |
| 32:08 | L.L · wall_segment Palisade Wall x1 |
| 32:09 | L.L · wall_segment Palisade Wall x1 |
| 32:10 | L.L · wall_segment Palisade Wall x1 |
| 32:10 | L.L · wall_segment Palisade Wall x1 |
| 34:01 | L.L · first_building Siege Workshop |
| 36:09 | SVTT | Альпинист · first_building Castle |
| 41:09 | SVTT | Альпинист · resign |
[ AI ANALYSIS · 1 CREDIT ]
What really happened in this match?
Wolo.gg analyzes every decision: build order, eco, micro, common mistakes by bracket. Personalized analysis on WhatsApp or Discord in 30 seconds.
Civ guide
Mongols
Perfil
La Lisandreta